| TOP OF THE 1ST |
|
San Francisco Giants batting - Pitching for Philadelphia Phillies : RHP Al Dopfel
|
|
Pitching: RHP Al Dopfel
|
|
|
Batting: LHB Ken Griffey Sr
|
0-0: Ground out 4-3 (Groundball, 34D, EV 107.5 MPH)
|
|
Batting: SHB Larry Reynolds
|
0-0: Called Strike 0-1: Bunt for hit to 13 - play at first, batter safe!
|
|
Batting: LHB Keith Hernandez
|
0-0: Called Strike Pickoff Throw to First - Error! E1 Larry Reynolds to second 0-1: Ball 1-1: Ball 2-1: Ground out 6-3 (Groundball, 6, EV 91.3 MPH) Larry Reynolds to third
|
|
Batting: RHB Phil Bailey
|
0-0: Called Strike 0-1: Ball 1-1: Swinging Strike 1-2: SINGLE (Groundball, 34D, EV 109.4 MPH) Larry Reynolds scores
|
|
Batting: SHB Tyler O'Dell
|
0-0: Ball 1-0: Foul Ball, location: 2F 1-1: Foul Ball, location: 2F 1-2: Foul Ball, location: 2F 1-2: Foul Ball, location: 2F 1-2: Ball 2-2: Strikes out looking
|
| Top of the 1st over - 1 run, 2 hits, 1 error, 1 left on base; San Francisco 1 - Philadelphia 0 |
| BOTTOM OF THE 1ST |
|
Philadelphia Phillies batting - Pitching for San Francisco Giants : RHP Dave Frost
|
|
Pitching: RHP Dave Frost
|
|
|
Batting: RHB Andy Ramirez
|
0-0: Called Strike 0-1: SINGLE (Groundball, 34D, EV 101.9 MPH)
|
|
Batting: LHB Lou Whitaker
|
0-0: Called Strike 0-1: Foul Ball, location: 2F 0-2: Fly out, F7 (Flyball, 7D, EV 102.5 MPH)
|
|
Batting: RHB Paul Molitor
|
0-0: Ball 1-0: Ball 2-0: DOUBLE (Line Drive, 78XD, EV 103.1 MPH) Andy Ramirez to third Runner from 3rd tries for Home, SAFE, throw by CF to home
|
|
Batting: LHB Ken Phelps
|
0-0: Called Strike 0-1: Ball 1-1: Ball 2-1: Foul Ball, location: 2F 2-2: Foul Ball, location: 2F 2-2: Ground out 3-1 (Groundball, 34, EV 91.3 MPH) Paul Molitor to third
|
|
Batting: RHB Candy Maldonado
|
0-0: Ball 1-0: SINGLE (Groundball, 6, EV 96.9 MPH) Paul Molitor scores
|
|
Batting: LHB Andy Guerrero
|
0-0: Ball Candy Maldonado steals 2nd base 1-0: Called Strike 1-1: Swinging Strike 1-2: Ball 2-2: Ball 3-2: Base on Balls
|
|
Batting: RHB Andre Dawson
|
0-0: Ball 1-0: Ball 2-0: Foul Ball, location: 2F 2-1: Ball 3-1: Swinging Strike 3-2: Base on Balls Candy Maldonado to third Andy Guerrero to second
|
|
Batting: RHB Mike Diaz
|
0-0: Reached on error, E6 (Groundball, 6, EV 102.5 MPH) Candy Maldonado scores Andy Guerrero to third Andre Dawson to second
|
|
Batting: RHB Al Dopfel
|
0-0: Ball 1-0: Called Strike 1-1: Ball 2-1: Ball 3-1: Foul Ball, location: 2F 3-2: Foul Ball, location: 2F 3-2: Strikes out swinging
|
| Bottom of the 1st over - 3 runs, 3 hits, 1 error, 3 left on base; San Francisco 1 - Philadelphia 3 |
| TOP OF THE 2ND |
|
San Francisco Giants batting - Pitching for Philadelphia Phillies : RHP Al Dopfel
|
|
Batting: RHB Kevin Howard
|
0-0: Ground out 5-3 (Groundball, 56, EV 81.3 MPH)
|
|
Batting: LHB James Durrman
|
0-0: Foul Ball, location: 2F 0-1: Ball 1-1: Foul Ball, location: 2F 1-2: Ball 2-2: Foul Ball, location: 2F 2-2: Foul Ball, location: 2F 2-2: Ball 3-2: Strikes out swinging
|
|
Batting: SHB Larry Milbourne
|
0-0: Called Strike 0-1: Ground out 6-3 (Groundball, 6, EV 82.5 MPH)
|
| Top of the 2nd over - 0 runs, 0 hits, 0 errors, 0 left on base; San Francisco 1 - Philadelphia 3 |
| BOTTOM OF THE 2ND |
|
Philadelphia Phillies batting - Pitching for San Francisco Giants : RHP Dave Frost
|
|
Batting: RHB Andy Ramirez
|
0-0: SINGLE (Flyball, 9S, EV 82.5 MPH)
|
|
Batting: LHB Lou Whitaker
|
0-0: SINGLE (Groundball, 34D, EV 101.3 MPH) Andy Ramirez to second Runner from 2nd tries for 3rd, SAFE, throw by RF made to third
|
|
Batting: RHB Paul Molitor
|
0-0: Ball 1-0: Fielders Choice at 2nd, 4-6 (Groundball, 4MS, EV 88.8 MPH) Andy Ramirez scores
|
|
Batting: LHB Ken Phelps
|
0-0: Ball 1-0: Foul Ball, location: 2F 1-1: Ball 2-1: Ball 3-1: Foul Ball, location: 2F 3-2: Grounds out, U3 (Groundball, 3L, EV 90.6 MPH)
|
|
Batting: RHB Candy Maldonado
|
0-0: Fly out, F9 (Line Drive, 9, EV 89.4 MPH)
|
| Bottom of the 2nd over - 1 run, 2 hits, 0 errors, 1 left on base; San Francisco 1 - Philadelphia 4 |
| TOP OF THE 3RD |
|
San Francisco Giants batting - Pitching for Philadelphia Phillies : RHP Al Dopfel
|
|
Batting: RHB Dave Frost
|
0-0: SINGLE (Flyball, 89S, EV 94.4 MPH)
|
|
Batting: LHB Ken Griffey Sr
|
0-0: Ball 1-0: Ball 2-0: Ball 3-0: Base on Balls Dave Frost to second
|
|
Batting: SHB Larry Reynolds
|
0-0: Ball 1-0: Ball 2-0: Ball 3-0: Called Strike 3-1: Base on Balls Dave Frost to third Ken Griffey Sr to second
|
|
Batting: LHB Keith Hernandez
|
0-0: Called Strike 0-1: Called Strike 0-2: Fly out, F7 (Flyball, 7, EV 93.8 MPH)
|
|
Batting: RHB Phil Bailey
|
0-0: Ball 1-0: Called Strike 1-1: Reached on error, E8 (Flyball, 89M, EV 89.4 MPH) Dave Frost scores Ken Griffey Sr to third Larry Reynolds to second
|
|
Batting: SHB Tyler O'Dell
|
0-0: Fly out, F4 (Flyball, 4D, EV 82.5 MPH)
|
|
Batting: RHB Kevin Howard
|
0-0: Ball 1-0: Called Strike 1-1: SINGLE (Groundball, 6MD, EV 108.1 MPH) Ken Griffey Sr scores Larry Reynolds to third Phil Bailey to second Runner from 3rd tries for Home, SAFE, throw by CF to home
|
|
Batting: LHB James Durrman
|
0-0: Called Strike 0-1: Ball 1-1: Ball 2-1: Foul Ball, location: 2F 2-2: Foul Ball, location: 2F 2-2: Strikes out swinging
|
| Top of the 3rd over - 3 runs, 2 hits, 1 error, 2 left on base; San Francisco 4 - Philadelphia 4 |
| BOTTOM OF THE 3RD |
|
Philadelphia Phillies batting - Pitching for San Francisco Giants : RHP Dave Frost
|
|
Batting: LHB Andy Guerrero
|
0-0: Ball 1-0: Ball 2-0: Ball 3-0: Called Strike 3-1: SOLO HOME RUN (Line Drive, 9LD, EV 95.6 MPH), Distance : 367 ft
|
|
Batting: RHB Andre Dawson
|
0-0: Ball 1-0: Foul Ball, location: 2F 1-1: Ball 2-1: Swinging Strike 2-2: Strikes out looking
|
|
Batting: RHB Mike Diaz
|
0-0: Foul Ball, location: 3F, Error on foul ball, E3 0-1: Called Strike 0-2: Ball 1-2: Ground out 5-3 (Groundball, 5, EV 90.0 MPH)
|
|
Batting: RHB Al Dopfel
|
0-0: Ball 1-0: Called Strike 1-1: Foul Ball, location: 2F 1-2: Foul Ball, location: 2F 1-2: Strikes out looking
|
| Bottom of the 3rd over - 1 run, 1 hit, 1 error, 0 left on base; San Francisco 4 - Philadelphia 5 |
| TOP OF THE 4TH |
|
San Francisco Giants batting - Pitching for Philadelphia Phillies : RHP Al Dopfel
|
|
Batting: SHB Larry Milbourne
|
0-0: Swinging Strike 0-1: Ground out 5-3 (Groundball, 56, EV 80.6 MPH)
|
|
Batting: RHB Dave Frost
|
0-0: Called Strike 0-1: Called Strike 0-2: Strikes out looking
|
|
Batting: LHB Ken Griffey Sr
|
0-0: Foul Ball, location: 2F 0-1: Ball 1-1: Ball 2-1: Called Strike 2-2: Foul Ball, location: 2F 2-2: Ball 3-2: SOLO HOME RUN (Flyball, 9D, EV 87.5 MPH), Distance : 375 ft
|
|
Batting: SHB Larry Reynolds
|
0-0: Ball 1-0: Called Strike 1-1: Foul Ball, location: 2F 1-2: Ground out U3 (Groundball, 3L, EV 91.9 MPH)
|
| Top of the 4th over - 1 run, 1 hit, 0 errors, 0 left on base; San Francisco 5 - Philadelphia 5 |
| BOTTOM OF THE 4TH |
|
Philadelphia Phillies batting - Pitching for San Francisco Giants : RHP Dave Frost
|
|
Batting: RHB Andy Ramirez
|
0-0: Ground out U3 (Groundball, 3S, EV 76.9 MPH)
|
|
Batting: LHB Lou Whitaker
|
0-0: SINGLE (Groundball, 3S, EV 77.5 MPH) (infield hit)
|
|
Batting: RHB Paul Molitor
|
0-0: Called Strike Lou Whitaker steals 2nd, throwing error, E2 Lou Whitaker to third 0-1: Ball 1-1: Ball 2-1: Called Strike 2-2: SINGLE (Line Drive, 78S, EV 105.6 MPH) Lou Whitaker scores
|
|
Batting: LHB Ken Phelps
|
0-0: Called Strike Paul Molitor steals 2nd base 0-1: Ball 1-1: Ball 2-1: Ball 3-1: Called Strike 3-2: Ground out 4-3 (Groundball, 4, EV 83.1 MPH) Paul Molitor to third
|
|
Batting: RHB Candy Maldonado
|
0-0: Ground out 6-3 (Groundball, 6, EV 81.9 MPH)
|
| Bottom of the 4th over - 1 run, 2 hits, 1 error, 1 left on base; San Francisco 5 - Philadelphia 6 |
| TOP OF THE 5TH |
|
San Francisco Giants batting - Pitching for Philadelphia Phillies : RHP Al Dopfel
|
|
Batting: LHB Keith Hernandez
|
0-0: Ball 1-0: Swinging Strike 1-1: Ball 2-1: Foul Ball, location: 2F 2-2: Foul Ball, location: 2F 2-2: Fly out, F5 (Line Drive, 5, EV 64.4 MPH)
|
|
Batting: RHB Phil Bailey
|
0-0: Called Strike 0-1: Ball 1-1: Ball 2-1: Swinging Strike 2-2: Ground out 6-3 (Groundball, 6, EV 105.0 MPH)
|
|
Batting: SHB Tyler O'Dell
|
0-0: Ball 1-0: Called Strike 1-1: Ball 2-1: Ball 3-1: Ground out 4-3 (Groundball, 4M, EV 110.6 MPH)
|
| Top of the 5th over - 0 runs, 0 hits, 0 errors, 0 left on base; San Francisco 5 - Philadelphia 6 |
| BOTTOM OF THE 5TH |
|
Philadelphia Phillies batting - Pitching for San Francisco Giants : RHP Dave Frost
|
|
Batting: LHB Andy Guerrero
|
0-0: Ground out 1-3 (Groundball, 13S, EV 67.5 MPH)
|
|
Batting: RHB Andre Dawson
|
0-0: Foul Ball, location: 2F 0-1: Ball 1-1: SINGLE (Line Drive, 56D, EV 96.9 MPH)
|
|
Batting: RHB Mike Diaz
|
0-0: Called Strike 0-1: Fly out, F7 (Flyball, 7D, EV 90.6 MPH)
|
|
Batting: RHB Al Dopfel
|
0-0: Called Strike 0-1: Ball 1-1: Foul Ball, location: 2F 1-2: Ball 2-2: Ball 3-2: Strikes out swinging
|
| Bottom of the 5th over - 0 runs, 1 hit, 0 errors, 1 left on base; San Francisco 5 - Philadelphia 6 |
| TOP OF THE 6TH |
|
San Francisco Giants batting - Pitching for Philadelphia Phillies : RHP Al Dopfel
|
|
Batting: RHB Kevin Howard
|
0-0: Fly out, F3 (Flyball, 34D, EV 81.3 MPH)
|
|
Batting: LHB James Durrman
|
0-0: Called Strike 0-1: DOUBLE (Line Drive, 78M, EV 93.1 MPH)
|
|
Batting: SHB Larry Milbourne
|
0-0: Ground out U3 (Groundball, 3L, EV 86.9 MPH) James Durrman to third
|
|
Pinch Hitting: RHB Dickie Thon
|
0-0: Swinging Strike 0-1: SINGLE (Groundball, 56D, EV 95.6 MPH) James Durrman scores
|
|
Pitching: RHP Tom Hume
|
|
|
Batting: LHB Ken Griffey Sr
|
0-0: Ball 1-0: Ball 2-0: Called Strike 2-1: Foul Ball, location: 2F 2-2: Ground out 4-3 (Groundball, 4, EV 111.3 MPH)
|
| Top of the 6th over - 1 run, 2 hits, 0 errors, 1 left on base; San Francisco 6 - Philadelphia 6 |
| BOTTOM OF THE 6TH |
|
Philadelphia Phillies batting - Pitching for San Francisco Giants : RHP Dave Frost
|
|
Pitching: LHP Sheldon Burnside
|
|
|
Batting: RHB Andy Ramirez
|
0-0: Ball 1-0: Swinging Strike 1-1: Ball 2-1: Ball 3-1: Foul Ball, location: 2F 3-2: Foul Ball, location: 2F 3-2: Ground out 1-3 (Groundball, 13S, EV 75.0 MPH)
|
|
Batting: LHB Lou Whitaker
|
0-0: Foul Ball, location: 2F 0-1: Ball 1-1: Foul Ball, location: 2F 1-2: SINGLE (Line Drive, 9S, EV 93.1 MPH)
|
|
Batting: RHB Paul Molitor
|
0-0: Ball 1-0: Ball 2-0: Fielders Choice at 2nd, 5-4 (Groundball, 56, EV 76.9 MPH)
|
|
Batting: LHB Ken Phelps
|
0-0: Called Strike 0-1: Foul Ball, location: 2F 0-2: Strikes out looking
|
| Bottom of the 6th over - 0 runs, 1 hit, 0 errors, 1 left on base; San Francisco 6 - Philadelphia 6 |
| TOP OF THE 7TH |
|
San Francisco Giants batting - Pitching for Philadelphia Phillies : RHP Tom Hume
|
|
Batting: SHB Larry Reynolds
|
0-0: Called Strike 0-1: Swinging Strike 0-2: SINGLE (Groundball, 6M, EV 105.6 MPH)
|
|
Batting: LHB Keith Hernandez
|
0-0: Ball 1-0: Ground out 6-3 (Groundball, 6MS, EV 90.6 MPH) Larry Reynolds to second
|
|
Batting: RHB Phil Bailey
|
0-0: TRIPLE (Flyball, 78XD, EV 95.0 MPH) Larry Reynolds scores
|
|
Batting: SHB Tyler O'Dell
|
0-0: Ball 1-0: Ground out 6-3 (Groundball, 6, EV 92.5 MPH)
|
|
Batting: RHB Kevin Howard
|
0-0: Fly out, F8 (Line Drive, 8RD, EV 93.8 MPH)
|
| Top of the 7th over - 1 run, 2 hits, 0 errors, 1 left on base; San Francisco 7 - Philadelphia 6 |
| BOTTOM OF THE 7TH |
|
Philadelphia Phillies batting - Pitching for San Francisco Giants : LHP Sheldon Burnside
|
|
Batting: RHB Candy Maldonado
|
0-0: Called Strike 0-1: Foul Ball, location: 2F 0-2: Fly out, F4 (Popup, 4, EV 68.1 MPH)
|
|
Batting: LHB Andy Guerrero
|
0-0: Called Strike 0-1: Ball 1-1: Ball 2-1: Ball 3-1: Fly out, F8 (Line Drive, 8LD, EV 100.6 MPH)
|
|
Batting: RHB Andre Dawson
|
0-0: Ball 1-0: Ground out 1-3 (Groundball, 13S, EV 75.0 MPH)
|
| Bottom of the 7th over - 0 runs, 0 hits, 0 errors, 0 left on base; San Francisco 7 - Philadelphia 6 |
| TOP OF THE 8TH |
|
San Francisco Giants batting - Pitching for Philadelphia Phillies : RHP Tom Hume
|
|
Batting: LHB James Durrman
|
0-0: Ground out 4-3 (Groundball, 4D, EV 96.3 MPH)
|
|
Batting: SHB Larry Milbourne
|
0-0: Foul Ball, location: 2F 0-1: Ground out 4-3 (Groundball, 4, EV 83.8 MPH)
|
|
Pinch Hitting: LHB Doug Frobel
|
0-0: Ground out 4-3 (Groundball, 4, EV 90.0 MPH)
|
| Top of the 8th over - 0 runs, 0 hits, 0 errors, 0 left on base; San Francisco 7 - Philadelphia 6 |
| BOTTOM OF THE 8TH |
|
Philadelphia Phillies batting - Pitching for San Francisco Giants : LHP Sheldon Burnside
|
|
Pitching: RHP Ross Davis
|
|
|
Batting: RHB Mike Diaz
|
0-0: Foul Ball, location: 2F 0-1: Ball 1-1: Foul Ball, location: 2F 1-2: Ground out 5-3 (Groundball, 5L, EV 79.4 MPH)
|
|
Pinch Hitting: LHB Terry Bogener
|
0-0: Called Strike 0-1: Fly out, F9 (Flyball, 9LM, EV 82.5 MPH)
|
|
Batting: RHB Andy Ramirez
|
0-0: Ball 1-0: Foul Ball, location: 2F 1-1: SINGLE (Groundball, 34S, EV 73.1 MPH) (infield hit)
|
|
Batting: LHB Lou Whitaker
|
0-0: Ball 1-0: Called Strike 1-1: Fly out, F5 (Flyball, 5D, EV 92.5 MPH)
|
| Bottom of the 8th over - 0 runs, 1 hit, 0 errors, 1 left on base; San Francisco 7 - Philadelphia 6 |
| TOP OF THE 9TH |
|
San Francisco Giants batting - Pitching for Philadelphia Phillies : RHP Tom Hume
|
|
Pitching: LHP Michael Morrison
|
|
|
Batting: LHB Ken Griffey Sr
|
0-0: Foul Ball, location: 2F 0-1: Foul Ball, location: 2F 0-2: Foul Ball, location: 2F 0-2: Strikes out swinging
|
|
Batting: SHB Larry Reynolds
|
0-0: Called Strike 0-1: Ball 1-1: Ball 2-1: Called Strike 2-2: Foul Ball, location: 2F 2-2: Ball 3-2: Strikes out swinging
|
|
Batting: LHB Keith Hernandez
|
0-0: Ball 1-0: Ground out 4-3 (Groundball, 4, EV 94.4 MPH)
|
| Top of the 9th over - 0 runs, 0 hits, 0 errors, 0 left on base; San Francisco 7 - Philadelphia 6 |
| BOTTOM OF THE 9TH |
|
Philadelphia Phillies batting - Pitching for San Francisco Giants : RHP Ross Davis
|
|
Batting: RHB Paul Molitor
|
0-0: Ball 1-0: Ball 2-0: Ball 3-0: Called Strike 3-1: Swinging Strike 3-2: Strikes out looking
|
|
Batting: LHB Ken Phelps
|
0-0: Fly out, F2 (Popup, 25F, EV 86.3 MPH)
|
|
Batting: RHB Candy Maldonado
|
0-0: Ball 1-0: Reached on error, E6 (Groundball, 6, EV 80.0 MPH)
|
|
Batting: LHB Andy Guerrero
|
0-0: Foul Ball, location: 2F 0-1: Ground out 4-3 (Groundball, 4M, EV 78.1 MPH)
|
| Bottom of the 9th over - 0 runs, 0 hits, 1 error, 1 left on base; San Francisco 7 - Philadelphia 6 |
|